AoeStats
← Elgato8153

Yucatan

510383326Analyzed
3v3 RM · 2d ago on Sep 30, 2026· 48m 12s· 6 players
Game mode
Random Map
Map size
Normal (6 player)
Population
200
Speed
Normal
Resources
Standard
Victory
Conquest
Starting age
Dark Age
Ending age
Imperial Age
RankedLock teamsTeams togetherTeam positionsShared explorationLock speedFull tech treeHidden civsTurbo modeCheats
Victory
Defeat
🇹🇷 Mongols · Türkiye
1075
+15
🇦🇷 Mongols · Argentina
1032
+17
🇦🇷 Persians · Argentina
1022
+17
🇪🇸 Wu · Spain
1075
-17
🇦🇷 Mongols · Argentina
1064
-17
🇦🇷 Jurchens · Argentina
1029
-15
ManuJejox
5:53 Loom
10:57 Feudal Age
13:19 Double-Bit Axe
19:32 Castle Age
20:55 Bow Saw
21:28 Gold Mining
21:30 Stone Mining
25:53 Fletching
26:44 Horse Collar
29:18 Fishing Lines
30:54 Wheelbarrow
31:19 Heavy Plow
31:55 Fervor
33:37 Gold Shaft Mining
33:38 Stone Shaft Mining
36:00 Imperial Age
33:54 Bodkin Arrow
34:00 Padded Archer Armor
34:59 Elite Skirmisher
35:58 Scale Barding Armor
36:04 Forging
36:22 Husbandry
36:32 Bloodlines
36:38 Elite Steppe Lancer
37:44 Thumb Ring
38:35 Conscription
39:19 Bracer
41:35 Chain Barding Armor
bananon1501915
7:31 Loom
11:29 Feudal Age
16:46 Castle Age
15:10 Double-Bit Axe
15:07 Horse Collar
15:20 Gold Mining
18:53 Bow Saw
18:36 Stone Mining
19:24 Gold Shaft Mining
21:41 Heavy Plow
26:28 Padded Archer Armor
27:15 Stone Shaft Mining
27:24 Wheelbarrow
31:57 Siege Engineers
32:14 Ballistics
31:50 Murder Holes
31:36 Treadmill Crane
32:54 Hand Cart
32:26 Town Watch
32:55 Forging
33:02 Leather Archer Armor
32:43 Fletching
36:45 Imperial Age
34:18 Bodkin Arrow
34:33 Forging
37:52 Iron Casting
37:22 Scale Barding Armor
38:31 Chemistry
37:34 Bracer
38:24 Conscription
38:54 Ring Archer Armor
38:31 Bracer
38:10 Elite Iron Pagoda
40:04 Blast Furnace
40:30 Chain Barding Armor
40:41 Thunderclap Bombs
42:13 Bloodlines
42:03 Husbandry
Elgato8153
10:57 Feudal Age
15:42 Castle Age
15:13 Double-Bit Axe
17:58 Husbandry
18:09 Bloodlines
22:20 Loom
23:28 Horse Collar
26:11 Elite Skirmisher
28:33 Padded Archer Armor
29:05 Fletching
37:07 Leather Archer Armor
37:03 Bodkin Arrow
40:23 Scale Barding Armor
41:18 Ballistics
41:16 Bow Saw
41:16 Heavy Plow
44:08 Wheelbarrow
47:49 Imperial Age
45:52 Gold Mining
47:20 Pikeman
GuForD
11:00 Feudal Age
14:07 Loom
14:43 Bloodlines
16:43 Castle Age
16:18 Scale Barding Armor
15:59 Horse Collar
16:06 Double-Bit Axe
16:15 Gold Mining
16:56 Light Cavalry
18:02 Husbandry
18:23 Chain Barding Armor
24:45 Wheelbarrow
28:16 Bow Saw
30:21 Hand Cart
34:05 Imperial Age
32:52 Ballistics
32:37 Padded Archer Armor
32:27 Fletching
32:48 Forging
32:55 Heavy Plow
33:45 Thumb Ring
34:09 Masonry
34:40 Bodkin Arrow
35:00 Leather Archer Armor
35:16 Conscription
35:21 Drill
35:19 Capped Ram
36:19 Bracer
36:52 Elite Mangudai
38:28 Siege Ram
41:51 Chemistry
40:59 Siege Engineers
40:32 Onager
43:26 Heavy Camel Rider
PuraTripa
7:08 Loom
9:20 Feudal Age
10:05 Double-Bit Axe
10:02 Horse Collar
17:58 Castle Age
18:43 Bow Saw
18:50 Bloodlines
18:43 Husbandry
23:40 Scale Barding Armor
23:47 Forging
24:11 Gold Mining
25:33 Wheelbarrow
26:20 Chain Barding Armor
26:36 Iron Casting
27:23 Hand Cart
28:32 Gold Shaft Mining
28:38 Heavy Plow
32:49 Imperial Age
30:05 Town Watch
30:14 Fletching
30:51 Ballistics
30:37 Padded Archer Armor
32:26 Bodkin Arrow
32:48 Leather Archer Armor
32:30 Stone Mining
34:53 Two-Man Saw
35:00 Chemistry
34:11 Masonry
35:12 Conscription
34:14 Elite War Elephant
36:13 Blast Furnace
35:54 Stone Shaft Mining
36:26 Crop Rotation
36:28 Town Patrol
37:03 Kamandaran
37:17 Devotion
38:58 Plate Barding Armor
38:54 Ring Archer Armor
38:48 Guilds
41:20 Faith
41:52 Architecture
41:21 Murder Holes
41:49 Scale Mail Armor
44:14 Coinage
45:55 Banking
45:26 Caravan
46:59 Chain Mail Armor
juan_i87
9:09 Feudal Age
9:26 Loom
13:38 Wheelbarrow
13:22 Double-Bit Axe
13:49 Forging
14:37 Scale Barding Armor
16:50 Castle Age
15:31 Gold Mining
17:01 Fletching
17:55 Bow Saw
18:02 Padded Archer Armor
19:12 Bodkin Arrow
21:44 Husbandry
23:45 Leather Archer Armor
26:40 Stone Mining
28:33 Town Watch
33:52 Wheelbarrow
33:53 Scale Mail Armor
35:42 Hand Cart
40:43 Ballistics
41:01 Bloodlines
40:11 Light Cavalry
46:21 Imperial Age
46:09 Stone Shaft Mining
46:10 Gold Shaft Mining
45:57 Chain Barding Armor
46:13 Iron Casting
47:08 Masonry
Connection lost

Rejoining the realm…

Still unreachable

The connection could not be restored.

Session expired

The server has moved on; the page needs a fresh start.